 Dungeon Sprint DCSS version 0.30-a0-1160-g6e42c06551 (webtiles) character file.

Game seed: 3322862525356571797

13190 BigDaddyOpFi the End of an Era (level 12, -2/92 HPs)
             Began as an Octopode Fighter on Apr 25, 2023.
             Was the Champion of Qazlal.
             Slain by a death cob (29 damage)
             ... in the Dungeon (Sprint VII: "The Pits").
             The game lasted 00:04:40 (2998 turns).

BigDaddyOpFi the End of an Era (Octopode Fighter)   Turns: 2998, Time: 00:04:41

Health: -2/92      AC:  1    Str: 25    XL:     12   Next: 3%
Magic:  17/25      EV: 21    Int: 14    God:    Qazlal [******]
Gold:   25         SH: 18    Dex: 12    Spells: 11/11 levels left

rFire   + . .        m - +3 war axe (heavy)
rCold   . . .        b - +3 buckler
rNeg    . . .        (helmet restricted)
rPois   .            (no amulet)
rElec   .            c - +3 ring of evasion
rCorr   .            e - +3 ring of intelligence
SInv    +            q - +6 ring of strength
Will    .....        i - ring of protection from fire
Stlth   +            n - ring of see invisible
HPRegen 0.35/turn    (no ring)
MPRegen 0.19/turn    (no ring)
                     (no ring)

%: no teleportation, repel missiles
@: slowed, very slow
A: almost no armour, amphibious, 8 rings, camouflage 1, gelatinous body 1,
(nimble swimmer 1), tentacles
a: Renounce Religion, Upheaval, Elemental Force, Disaster Area


You were in the Dungeon.
You worshipped Qazlal.
Qazlal was exalted by your worship.
You visited 1 branch You collected 25 gold pieces.

Inventory:

Hand Weapons
 m - a +3 heavy war axe (weapon)
Armour
 b - a +3 buckler (worn)
Jewellery
 c - a +3 ring of evasion (left tentacle)
 e - a +3 ring of intelligence (right tentacle)
 i - a ring of protection from fire (on tentacle)
 n - a ring of see invisible (on tentacle)
 q - a +6 ring of strength (on tentacle)
Scrolls
 a - a scroll of silence
 p - 2 scrolls of poison
 s - 3 scrolls of blinking
 t - a scroll of enchant armour
 u - 2 scrolls of fear
 w - a scroll of fog
Potions
 d - 6 potions of curing
 f - 3 potions of haste
 g - 4 potions of magic
 h - 8 potions of heal wounds
 j - 2 potions of invisibility
 k - a potion of might
 l - a potion of berserk rage
 r - 2 potions of mutation
 v - a potion of resistance


   Skills:
 + Level 12.7 Fighting
 + Level 12.7 Axes
 + Level 12.8 Dodging
 + Level 12.7 Shields
 * Level 18.7 Invocations


You had 11 spell levels left.
You didn't know any spells.
Your spell library contained the following spells:

 Spells                   Type           Power      Damage    Failure   Level
 Necrotise                Necr           0%         1d4       32%         1
 Vampiric Draining        Necr           0%         2d6       67%         3
 Agony                    Necr           0%         N/A       100%        5


Dungeon Overview and Level Annotations

Branches:
Dungeon (1/1)

Altars:
Ashenzari
Cheibriados
Dithmenos
Elyvilon
Fedhas
Gozag
Hepliaklqana
Kikubaaqudgha
Makhleb
Nemelex Xobeh
Okawaru
Qazlal
Ru
Sif Muna
Trog
Uskayaw
Vehumet
Wu Jian
Xom
Yredelemnul
Zin
The Shining One
Jiyva
Lugonu


Innate Abilities, Weirdness & Mutations

You cannot wear most types of armour.
You are amphibious.
You can wear up to eight rings at the same time.
Your skin changes colour to match your surroundings (Stealth+).
Your rubbery body absorbs attacks. (AC +1, EV +1)
((You are camouflaged when in or above water. (Stealth+)))
You have tentacles for arms and can constrict up to eight enemies at once.


Message History

The death cob is engulfed in freezing vapours.
Activating: Disaster Area (0% risk of failure)
Press: ? - help, Dir - look around, f - activate Nature churns violently around you!
The blast of ice hits the swamp dragon!!!
The swamp dragon is severely wounded.
The swamp dragon is flash-frozen.
The blast of magma engulfs the swamp dragon!!
The swamp dragon is almost dead.
The blast of ice hits the swamp dragon!!
You kill the swamp dragon!
Qazlal accepts your kill.
The swamp dragon scales are intact enough to wear.
You block the death cob's attack. x2; The death cob closely misses you.
You have reached level 12!
You closely miss the death cob. Your grab misses the death cob.
You squeeze the death cob, but do no damage.
The death cob is lightly damaged.
The death cob hits you!! The death cob drains your vigour!
You feel yourself slow down. The death cob hits you!
The death cob drains your vigour!
You feel as though you will be slow longer.
You block the death cob's attack.
Unknown command.
You feel much better. The death cob hits you! You block the death cob's attack.
The death cob closely misses you. You block the death cob's attack.
Okay, then.
You block the death cob's attack. The death cob misses you. x2
There is a huge open gate here.
You block the death cob's attack. x2; The death cob hits you!!
The death cob drains your vigour!
You feel as though you will be slow longer.
There is a huge open gate leading to the Armoury (Hard), spattered with blood here.
The death cob completely misses you. You block the death cob's attack.
You block the death cob's attack. The death cob hits you!!
* * * LOW HITPOINT WARNING * * *
The death cob drains your vigour!
You feel as though you will be slow longer.
The death cob hits you!!
You die...

# # # ###########++##########
##.............≈..##..#
##......#..#≈....°##..#
##.............○.°○§..#
.'.........≈..≈.@z○§..#
##......#..#...○..##......≈≈
##..............§.##.....[≈.
#####'#####''###############
##.......##''# ##### ######## ###
##.......##..###.).###..+...# #..
##.......##...##)))##..##...###..
##...<...###...##)##..###..)'.##.
##.......# ##)[........##)..#..##


You could see a death cob.

Vanquished Creatures
  A minotaur (D)
  A two-headed ogre (D)
  An orc high priest (D)
  A shadow wraith (D)
  A flayed ghost (D)
  A spriggan druid (D)
  2 sea snakes (D)
  A swamp dragon (D)
  A bog body (D)
  A phantasmal warrior (D)
  2 deep elf pyromancers (D)
  2 deep elf zephyrmancers (D)
  A manticore (D)
  2 elephants (D)
  A black mamba (D)
  A rime drake (D)
  2 unseen horrors (D)
  A hellwing (D)
  A ynoxinul (D)
  A flying skull (D)
  A basilisk (D)
  A water elemental (D)
  A chaos spawn (D)
  2 steam dragons (D)
  3 water moccasins (D)
  A floating eye (D)
  An orc warrior (D)
  2 black bears (D)
  5 wolves (D)
  An ogre (D)
  5 wights (D)
  A killer bee (D)
  A crimson imp (D)
  2 jellies (D)
  A gnoll bouda (D)
  4 orc priests (D)
  An iron imp (D)
  An iguana (D)
  An orc wizard (D)
  A mummy (D)
  4 gnolls (D)
  An ufetubus (D)
  An adder zombie (D)
  11 orcs (D)
  An endoplasm (D)
  A giant cockroach (D)
  2 quokkas (D)
  A bat (D)
  A frilled lizard (D)
  A kobold (D)
  A rat (D)
86 creatures vanquished.

Vanquished Creatures (collateral kills)
  An anaconda (D)
1 creature vanquished.

Grand Total: 87 creatures vanquished

Notes
Turn   | Place    | Note
-------+----------+-------------------------------------------
     0 | D        | BigDaddyOpFi the Octopode Fighter began the quest for the
                  | Orb.
     0 | D        | Reached XP level 1. HP: 16/16 MP: 1/1
    15 | D        | Found a bloodstained altar of Trog.
    15 | D        | Found a shimmering blue altar of Sif Muna.
    15 | D        | Found a viscous altar of Jiyva.
    15 | D        | Found a hazy altar of Hepliaklqana.
    15 | D        | Found an opulent altar of Gozag.
    16 | D        | Found a glowing golden altar of the Shining One.
    16 | D        | Found a glowing silver altar of Zin.
    16 | D        | Found a basalt altar of Yredelemnul.
    16 | D        | Found a shimmering altar of Xom.
    16 | D        | Found an ornate altar of the Wu Jian Council.
    16 | D        | Found a sacrificial altar of Ru.
    16 | D        | Found a stormy altar of Qazlal.
    16 | D        | Found an iron altar of Okawaru.
    16 | D        | Found a sparkling altar of Nemelex Xobeh.
    16 | D        | Found a burning altar of Makhleb.
    16 | D        | Found a blossoming altar of Fedhas.
    16 | D        | Found a white marble altar of Elyvilon.
    16 | D        | Found a shadowy altar of Dithmenos.
    16 | D        | Found a snail-covered altar of Cheibriados.
    17 | D        | Found a radiant altar of Vehumet.
    17 | D        | Found a corrupted altar of Lugonu.
    18 | D        | Found a hide-covered altar of Uskayaw.
    18 | D        | Found an ancient bone altar of Kikubaaqudgha.
    18 | D        | Found a broken altar of Ashenzari.
    23 | D        | Became a worshipper of Qazlal Stormbringer
    57 | D        | Reached skill level 1 in Invocations
    60 | D        | Reached * piety under Qazlal
    61 | D        | Reached XP level 2. HP: 21/21 MP: 1/3
    68 | D        | Noticed a floating eye
    70 | D        | Killed a floating eye
    71 | D        | Reached skill level 5 in Invocations
    71 | D        | Reached XP level 3. HP: 23/27 MP: 2/7
    71 | D        | Reached XP level 4. HP: 30/34 MP: 2/8
    71 | D        | Reached ** piety under Qazlal
    74 | D        | Reached XP level 5. HP: 34/38 MP: 2/9
   140 | D        | Noticed a water moccasin
   142 | D        | Reached *** piety under Qazlal
   153 | D        | Killed a water moccasin
   154 | D        | Reached skill level 5 in Fighting
   154 | D        | Reached skill level 5 in Axes
   154 | D        | Reached skill level 5 in Dodging
   154 | D        | Reached skill level 5 in Shields
   154 | D        | Reached skill level 7 in Invocations
   154 | D        | Reached XP level 6. HP: 22/46 MP: 9/11
   154 | D        | Reached **** piety under Qazlal
   157 | D        | Reached skill level 8 in Invocations
   522 | D        | Reached ***** piety under Qazlal
   678 | D        | Noticed a water moccasin
   678 | D        | Noticed a water moccasin
   688 | D        | Killed a water moccasin
   689 | D        | Reached skill level 9 in Invocations
   689 | D        | Reached XP level 7. HP: 53/53 MP: 12/14
   694 | D        | Reached skill level 10 in Invocations
   990 | D        | Noticed a ynoxinul
   990 | D        | Noticed an anaconda
   998 | D        | Killed an anaconda
   999 | D        | Reached skill level 11 in Invocations
   999 | D        | Reached XP level 8. HP: 7/61 MP: 2/16
  1005 | D        | Killed a ynoxinul
  1006 | D        | Reached skill level 12 in Invocations
  1332 | D        | Noticed a spriggan druid
  1332 | D        | Noticed a two-headed ogre
  1334 | D        | Killed a two-headed ogre
  1334 | D        | Noticed a black mamba
  1334 | D        | Noticed a sea snake
  1334 | D        | Noticed a deep elf zephyrmancer
  1335 | D        | Reached skill level 13 in Invocations
  1335 | D        | Reached XP level 9. HP: 68/68 MP: 9/18
  1335 | D        | Killed a black mamba
  1335 | D        | Killed a deep elf zephyrmancer
  1335 | D        | Killed a sea snake
  1336 | D        | Reached skill level 14 in Invocations
  1336 | D        | Reached XP level 10. HP: 76/76 MP: 1/20
  1336 | D        | Killed a spriggan druid
  1337 | D        | Reached skill level 10 in Fighting
  1337 | D        | Reached skill level 10 in Axes
  1337 | D        | Reached skill level 10 in Dodging
  1337 | D        | Reached skill level 10 in Shields
  1337 | D        | Noticed a sea snake
  1343 | D        | Killed a sea snake
  1344 | D        | Reached skill level 15 in Invocations
  1614 | D        | Noticed an elephant
  1615 | D        | Killed an elephant
  1615 | D        | Reached ****** piety under Qazlal
  1718 | D        | Noticed a manticore
  1721 | D        | Noticed an orc high priest
  1723 | D        | Killed an orc high priest
  1727 | D        | Killed a manticore
  1728 | D        | Reached skill level 16 in Invocations
  1872 | D        | Noticed a flayed ghost
  1872 | D        | Noticed an elephant
  1873 | D        | Killed a flayed ghost
  1873 | D        | Killed an unseen horror
  1873 | D        | Killed an elephant
  1874 | D        | Reached XP level 11. HP: 83/83 MP: 14/23
  2034 | D        | Killed a shadow wraith
  2126 | D        | Noticed a deep elf pyromancer
  2126 | D        | Noticed a phantasmal warrior
  2132 | D        | Killed a deep elf pyromancer
  2132 | D        | Killed a phantasmal warrior
  2133 | D        | Reached skill level 17 in Invocations
  2356 | D        | Noticed a deep elf zephyrmancer
  2365 | D        | Killed a deep elf zephyrmancer
  2511 | D        | Noticed a deep elf pyromancer
  2511 | D        | Noticed a minotaur
  2512 | D        | Noticed a bog body
  2514 | D        | Killed a bog body
  2514 | D        | Killed a minotaur
  2515 | D        | Reached skill level 18 in Invocations
  2517 | D        | Killed a deep elf pyromancer
  2990 | D        | Noticed a death cob
  2990 | D        | Noticed a swamp dragon
  2992 | D        | Killed a swamp dragon
  2993 | D        | Reached XP level 12. HP: 92/92 MP: 16/25
  2998 | D        | Slain by a death cob

Illustrated notes

Levels and vault maps discovered:
D:        pitsprint [storerooms_1, entrance_room_1, metal_vault_5, armoury_1,
          mini_pit_1, grid_room_1, main_hall_1, silver_pit, the_coven_1,
          the_vestibule_1, steel_vault_4, golden_pit, hallway_of_sentries,
          crystal_vault_5, iron_vault_5, final_vault]

Skill      XL: |  1  2  3  4  5  6  7  8  9 10 11 |
---------------+----------------------------------+-----
Invocations    | 1 5 7 9 11 13 14 16 18 | 18.7
Fighting       | 4 5 6 8 9 11 12 | 12.7
Axes           | 4 5 6 7 8 9 11 12 | 12.7
Dodging        | 4 5 6 8 9 11 12 | 12.8
Shields        | 4 5 6 8 9 11 12 | 12.7

Action                     |  1- 3 |  4- 6 |  7- 9 | 10-12 || total
---------------------------+-------+-------+-------+-------++-------
  Melee: War axe           |    10 |    47 |    11 |    30 ||    98
         Constrict         |     2 |     9 |     1 |     3 ||    15
         Tentacles         |       |    11 |     1 |     7 ||    19
         Punch             |       |     1 |       |       ||     1
 Invoke: Disaster Area     |       |       |     3 |    10 ||    13
         Elemental Force   |       |       |     1 |       ||     1
         Upheaval          |       |       |       |     1 ||     1
    Use: Potion            |     2 |     7 |     4 |     4 ||    17
         Scroll            |       |       |       |     5 ||     5
   Stab: Sleeping          |     2 |       |       |       ||     2
 Armour: Skin              |       |       |       |     1 ||     1
  Dodge: Dodged            |    15 |    31 |     8 |    46 ||   100
         Repelled          |       |       |     1 |       ||     1
  Block: Buckler           |     7 |    31 |    11 |    65 ||   114

Table legend: (Time is in decaauts)
 A = Elapsed time spent in this place.
 B = Non-inter-level travel time spent in this place.
 C = Inter-level travel time spent in this place.
 D = Time resting spent in this place.
 E = Time spent auto-exploring this place.
 F = Levels seen in this place.
 G = Mean time per level.
                   A        B        C        D        E       F      G
               +--------+--------+--------+--------+--------+-----+--------+
         Total |   3069 |   2959 |    110 |   2377 |      0 |   1 | 3069.0 |
       Dungeon |   3069 |   2959 |    110 |   2377 |      0 |   1 | 3069.0 |
               +--------+--------+--------+--------+--------+-----+--------+

Top non-repeatable levels by time:
       D: 3069 daAuts
